cohdb
Replays
Latest Replays
All Replays
Popular Replays
Top Player Replays
Match Explorer
How It Works
Community
CoH3 Stats
Reddit
Sign in to upload your games and track your stats! →
Sign in with Steam
Match 40528748
Unlisted
Match 40528748
Overview
Messages
Build Orders
End
Construct Section Command Post
Selects Canadian Shock Battlegroup
Infantry Section
Royal Engineer Section
Dingo Light Scout Car
Vickers Machine Gun Team
Selects Attacking Spirit
Construct Platoon Command Post
Selects Canadian Shock Section
Canadian Shock Section
Humber Armored Car
Infantry Training
Selects Incendiary Munitions
Grenade Package
CMP 15cwt Truck
Selects Pyrotechnics
Dingo Light Scout Car
Construct Company Command Post
Selects Point Assault
Crusader II Medium Tank
Dingo Light Scout Car
Crusader II Medium Tank
Construct Field Infirmary
Crusader II Medium Tank
Vickers Machine Gun Team
Infantry Section
Crusader II Medium Tank
Crusader II Medium Tank
Armored Vehicle Training
Selects Churchill Crocodile Heavy Tank
Canadian Shock Section
Churchill Crocodile Heavy Tank
Crusader II Medium Tank
big clever
broodwarjc
0
0
Comments
sign in to comment!
No comments posted yet!